 Dungeon Crawl Stone Soup version 0.29-a0-495-g17b7911 (webtiles) character file.

Game seed: 5190905285681458785

44 Toastz the Bolt Thrower (level 3, -5/22 HPs)
             Began as a Tengu Hunter on May 27, 2022.
             Slain by a goblin
             ... wielding a +2 antimagic dagger
             ... led by Robin
              (6 damage)
             ... on level 3 of the Dungeon.
             The game lasted 00:01:40 (1168 turns).

Toastz the Bolt Thrower (Tengu Hunter)              Turns: 1168, Time: 00:01:40

Health: -5/22      AC:  3    Str: 11    XL:     3   Next: 62%
Magic:  0/4        EV: 12    Int: 15    God:
Gold:   129        SH:  0    Dex: 19    Spells: 2/2 levels left

rFire   . . .      SeeInvis .   a - +1 hand crossbow
rCold   . . .      Faith    .   (no shield)
rNeg    . . .      Spirit   +   b - +0 leather armour
rPois   .          Reflect  .   (helmet restricted)
rElec   .          Harm     .   (no cloak)
rCorr   .          Rampage  .   (no gloves)
Will    .....                   (boots unavailable)
Stlth   ++........              r - amulet of guardian spirit
HPRegen 0.07/turn               j - +6 ring of intelligence
MPRegen 0.09/turn               (no ring)

@: brilliant
A: beak, talons 3
a: no special abilities


You were on level 3 of the Dungeon.
You visited 1 branch of the dungeon, and saw 3 of its levels.

You collected 129 gold pieces.

Inventory:

Hand Weapons
 a - a +1 hand crossbow (weapon)
 o - a +1 vorpal long sword
Armour
 b - a +0 leather armour (worn)
Jewellery
 j - a +6 ring of intelligence (left hand)
 r - an amulet of guardian spirit (around neck)
Scrolls
 c - a scroll of immolation
 d - a scroll of silence {unknown}
 e - a scroll of vulnerability {unknown}
 g - a scroll of poison {unknown}
 h - 5 scrolls of identify {unknown}
 k - a scroll of blinking {unknown}
Potions
 f - a potion of invisibility {unknown}
 i - a potion of brilliance
 l - a potion of degeneration {unknown}
 m - 2 potions of might {unknown}
 n - 3 potions of mutation {unknown}
 p - a potion of flight {unknown}
 q - a potion of lignification {unknown}


   Skills:
 + Level 2.7 Fighting
 * Level 5.3 Crossbows
 - Level 2.1 Dodging
 - Level 1.0 Stealth


You had 2 spell levels left.
You didn't know any spells.
Your spell library contained the following spells:

 Spells                   Type           Power      Damage    Failure   Level
 Apportation              Tloc           0%         N/A       34%         1
 Shock                    Conj/Air       0%         1d3       34%         1
 Summon Small Mammal      Summ           0%         N/A       34%         1


Dungeon Overview and Level Annotations

Branches:
Dungeon (3/15)

Altars:

Annotations:
D:3 Robin


Innate Abilities, Weirdness & Mutations

You have a beak for a mouth.
You have claws for feet.


Message History

The bolt hits the hobgoblin.
You kill the hobgoblin!
The adder misses you. x2
Shoot: a) +1 hand crossbow
Press: ? - help, Q - select action Shift-Dir - straight line, f/p - adder
Aim: an adder (severely wounded, 51% to hit)
You shoot a bolt. The bolt hits the adder.
You kill the adder!
Robin barely misses you.
Shoot: a) +1 hand crossbow
Press: ? - help, Q - select action Shift-Dir - straight line, f - Robin
Aim: Robin, wielding a +4 mace of protection, wearing a +0 animal skin and wearing a +0 helmet (72% to hit)
You shoot a bolt. The bolt hits Robin but does no damage.
A hobgoblin comes into view. x2
Robin hits you with a +4 mace of protection!
A goblin comes into view.
It is wielding a +1 dagger of holy wrath.
Shoot: a) +1 hand crossbow
Press: ? - help, Q - select action Shift-Dir - straight line, f/p - Robin
Aim: Robin, wielding a +4 mace of protection, wearing a +0 animal skin and wearing a +0 helmet (72% to hit)
You shoot a bolt. The hobgoblin shouts!
The bolt hits Robin but does no damage.
Robin closely misses you.
Shoot: a) +1 hand crossbow
Press: ? - help, Q - select action Shift-Dir - straight line, f/p - Robin
Aim: Robin, wielding a +4 mace of protection, wearing a +0 animal skin and wearing a +0 helmet (72% to hit)
You shoot a bolt. The bolt hits Robin but does no damage.
Robin throws the goblin at you!
* * * LOW HITPOINT WARNING * * *
The goblin hits you with a +2 antimagic dagger.
* * * LOW HITPOINT WARNING * * *
You feel your power leaking away.
The goblin hits you with a +2 antimagic dagger.
* * * LOW HITPOINT WARNING * * *
Robin misses you.
It was a potion of brilliance.
You feel clever all of a sudden.
A goblin comes into view. It is wielding a +0 club.
The goblin hits you with a +2 antimagic dagger.
You die...

# #.# # #.# ######.#
.......###########
######...........#
#.........######.#
#.........# #.# '.........#
#g# #.........# #@# .
+.........# ####g## ..
#.........# #..ggg# ..
#.........# #.....# .#
#.........###....g####..###
..................g........
.#.###.. ............g.....
######...........#
#..........).


You could see Robin, 2 hobgoblins and 4 goblins.

Vanquished Creatures
  An adder (D:3)
  2 dart slugs
  4 bats
  4 endoplasms
  5 goblins
  4 hobgoblins
  3 quokkas
  A ball python (D:3)
  A kobold (D:1)
  2 rats
27 creatures vanquished.

Notes
Turn   | Place    | Note
-------+----------+-------------------------------------------
     0 | D:1      | Toastz the Tengu Hunter began the quest for the Orb.
     0 | D:1      | Reached XP level 1. HP: 12/12 MP: 2/2
    57 | D:1      | Reached XP level 2. HP: 17/17 MP: 3/3
   208 | D:1      | Found Vomumus's Book Shop.
   457 | D:2      | Reached skill level 5 in Crossbows
   745 | D:2      | Reached XP level 3. HP: 22/22 MP: 4/4
   842 | D:2      | Got Icinatza's First Steps in Theurgy
  1149 | D:3      | Noticed Robin
  1167 | D:3      | HP: 1/22 [goblin/+2 antimagic dagger[Robin] (3)]
  1168 | D:3      | Slain by a goblin

Illustrated notes

Levels and vault maps discovered:
D:1:      dpeg_arrival_tiny_a, layout_rooms, serial_shops, nicolae_diamond_shop
D:2:      layout_rooms
D:3:      layout_basic, nrook_loot_triangle, serial_bayou_pond_e, uniq_robin,
          uniq_crazy_yiuf_cottage

Skill      XL: |  1  2 |
---------------+-------+-----
Crossbows      | 5 |  5.3
Fighting       | |  2.7
Dodging        | |  2.1
Stealth        | |  1.0

Action                   || total
-------------------------++-------
 Fire: Hand crossbow     ||    55
  Use: Potion            ||     1
Armor: Leather armour    ||     5
Dodge: Dodged            ||     9

Table legend: (Time is in decaauts)
 A = Elapsed time spent in this place.
 B = Non-inter-level travel time spent in this place.
 C = Inter-level travel time spent in this place.
 D = Time resting spent in this place.
 E = Time spent auto-exploring this place.
 F = Levels seen in this place.
 G = Mean time per level.
                   A        B        C        D        E       F      G
               +--------+--------+--------+--------+--------+-----+--------+
         Total |   1183 |   1142 |     41 |      0 |    983 |   3 |  394.3 |
       Dungeon |   1183 |   1142 |     41 |      0 |    983 |   3 |  394.3 |
               +--------+--------+--------+--------+--------+-----+--------+

Top non-repeatable levels by time:
     D:2: 593 daAuts
     D:1: 449 daAuts
     D:3: 139 daAuts
